 Dungeon Crawl Stone Soup version 0.25-a0-1079-g858b6a6ff6 (webtiles) character file.

Game seed: 18384667198307014206, levelgen mode: deterministic

1357 HoaS the Grappler (level 8, -3/51 HPs)
             Began as a Gargoyle Gladiator on May 15, 2020.
             Was a Follower of Okawaru.
             Slain by an orc warrior
             ... wielding a +0 broad axe
              (9 damage)
             ... on level 7 of the Dungeon.
             The game lasted 00:16:27 (6980 turns).

HoaS the Grappler (Gargoyle Gladiator)              Turns: 6980, Time: 00:16:28

Health: -3/51      AC: 25    Str: 19    XL:     8   Next: 64%
Magic:  9/11       EV:  9    Int:  8    God:    Okawaru [*.....]
Gold:   388        SH:  0    Dex: 13    Spells: 7/7 levels left

rFire    . . .     SeeInvis .     - Unarmed
rCold    . . .     Gourm    .   (no shield)
rNeg     + + .     Faith    .   b - +0 plate armour
rPois    ∞         Spirit   .   u - +2 hat
rElec    +         Reflect  .   (no cloak)
rCorr    .         Harm     .   y - +1 pair of gloves
MR       .....                  j - +1 pair of boots
Stlth    ..........             (no amulet)
HPRegen  0.17/turn              m - ring of positive energy
MPRegen  0.12/turn              (no ring)

@: heroism
A: negative energy resistance 1, electricity resistance, unbreathing,
petrification resistance, rot immunity, AC +5
a: Heroism, Renounce Religion


You were on level 7 of the Dungeon.
You worshipped Okawaru.
Okawaru was aware of your devotion.
You were not hungry.

You visited 2 branches of the dungeon, and saw 8 of its levels.

You collected 388 gold pieces.

Inventory:

Missiles
 c - 3 throwing nets (quivered)
Armour
 b - a +0 plate armour (worn)
 j - a +1 pair of boots (worn)
 u - a +2 hat (worn)
 y - a +1 pair of gloves (worn)
Jewellery
 m - a ring of positive energy (left hand)
Wands
 l - a wand of clouds (2)
 x - a wand of iceblast (6)
Scrolls
 e - 2 scrolls of immolation
 h - 3 scrolls of identify
 i - a scroll of amnesia
 k - a scroll of remove curse
 o - 3 scrolls of teleportation
Potions
 a - 4 potions of berserk rage
 g - a potion of flight {unknown}
 n - a potion of invisibility
 p - a potion of degeneration {unknown}
 q - a potion of curing
 r - a potion of ambrosia
Comestibles
 d - 14 rations


   Skills:
 + Level 6.0(11.0) Fighting
 - Level 1.7(6.7) Throwing
 - Level 3.0(8.0) Armour
 - Level 2.4(7.4) Dodging
 * Level 8.0(13.0) Unarmed Combat
 + Level 4.1 Invocations


You had 7 spell levels left.
You didn't know any spells.
Your spell library contained the following spells:

 Spells                   Type           Power        Failure   Level  Hunger
 Summon Small Mammal      Summ           #...         100%        1    ##.....
 Call Imp                 Summ           #.......     100%        2    ###....
 Call Canine Familiar     Summ           #.......     100%        3    ####...
 Summon Guardian Golem    Hex/Summ       #.......     100%        3    ####...
 Summon Ice Beast         Ice/Summ       #.......     100%        4    #####..
 Summon Lightning Spire   Summ/Air       #.......     100%        4    #####..


Dungeon Overview and Level Annotations

Branches:
Dungeon (7/15)             Temple (1/1) D:4

Altars:
Ashenzari
Cheibriados
Elyvilon
Gozag
Okawaru
Sif Muna
Vehumet

Shops:
D:5 (%!


Innate Abilities, Weirdness & Mutations

You are resistant to torment.
Your stone body is resilient. (AC +5)
You are immune to poison.
You resist negative energy. (rN+)
You are resistant to electric shocks. (rElec)
You can survive without breathing.
You are immune to petrification.
You are immune to rotting.


Message History

The orc warrior is lightly wounded.
You hit the orc warrior but do no damage.
The orc warrior is lightly wounded.
The orc warrior hits you with a +0 broad axe.
You punch the orc warrior!
The orc warrior is severely wounded.
You hit the orc warrior.
The orc warrior is almost dead.
The orc warrior hits you with a +0 broad axe!
A hound comes into view.
The hound barks!
You hit the orc warrior but do no damage.
The orc warrior is almost dead.
The orc warrior hits you with a +0 broad axe!!
* * * LOW HITPOINT WARNING * * *
You closely miss the orc warrior.
The orc warrior is almost dead.
You gain the combat prowess of a mighty hero.
The orc warrior hits you with a +0 broad axe!
You die...

#.# . #.# .#
#.##.## #
####.....#.# #.
####..........#
#.. #....(......#
#.?. #.##.#<####.#
#....#o##.#......#
#...h.oo@.#.#.####
#....######.#.#
...o. #.# # ....
... ..o ... .o ###
.


You could see an orc warrior, a hound and 2 orcs.

Vanquished Creatures
  An orc warrior (D:6)
  An ice beast (D:6)
  2 phantoms (D:6)
  An ogre (D:5)
  A gnoll sergeant (D:6)
  A howler monkey (D:4)
  A bullfrog skeleton (D:6)
  A centaur zombie (D:6)
  A hound (D:4)
  An orc priest (D:5)
  10 worker ants
  3 iguanas
  5 orc wizards
  A hound zombie (D:6)
  3 gnolls (D:6)
  7 adders
  5 worms
  6 dart slugs
  3 leopard geckos
  15 orcs
  6 giant cockroaches
  9 hobgoblins
  9 jackals
  A quokka (D:4)
  9 bats
  6 frilled lizards
  7 goblins
  A jackal skeleton (D:4)
  3 kobolds
  5 rats
125 creatures vanquished.

Notes
Turn   | Place    | Note
-------+----------+-------------------------------------------
     0 | D:1      | HoaS the Gargoyle Gladiator began the quest for the Orb.
     0 | D:1      | Reached XP level 1. HP: 12/12 MP: 1/1
   334 | D:1      | Reached XP level 2. HP: 16/18 MP: 2/2
   854 | D:1      | Reached skill level 1 in Armour
  1218 | D:2      | Reached XP level 3. HP: 22/22 MP: 3/3
  1848 | D:3      | Reached skill level 4 in Unarmed Combat
  1922 | D:3      | Reached XP level 4. HP: 25/27 MP: 4/4
  2154 | D:3      | Found a snail-covered altar of Cheibriados.
  2274 | D:3      | Found a white marble altar of Elyvilon.
  2564 | D:4      | Reached XP level 5. HP: 23/32 MP: 5/5
  2852 | D:4      | Reached skill level 5 in Unarmed Combat
  2880 | D:4      | Reached XP level 6. HP: 34/38 MP: 6/6
  3271 | D:4      | Found a radiant altar of Vehumet.
  3352 | D:4      | Found a staircase to the Ecumenical Temple.
  3374 | Temple   | Entered the Ecumenical Temple
  3410 | Temple   | Became a worshipper of Warmaster Okawaru
  3655 | D:4      | Reached skill level 1 in Invocations
  3753 | D:4      | Reached XP level 7. HP: 42/44 MP: 7/7
  3822 | D:4      | Reached skill level 6 in Unarmed Combat
  3870 | D:5      | Entered Level 5 of the Dungeon
  4448 | D:5      | Found Iheng's Distillery.
  4454 | D:5      | Found Xoessuv's Food Shoppe.
  4607 | D:5      | Found a shattered altar of Ashenzari.
  4659 | D:5      | Found Pemab Led's Weapon Shoppe.
  4756 | D:5      | Reached * piety under Okawaru
  4756 | D:5      | Reached skill level 5 in Fighting
  5322 | D:6      | Reached XP level 8. HP: 49/49 MP: 8/10
  5393 | D:6      | Reached skill level 7 in Unarmed Combat
  6637 | D:6      | Reached skill level 8 in Unarmed Combat
  6980 | D:7      | Slain by an orc warrior

Illustrated notes

Levels and vault maps discovered:
D:1:      psy_arrival_statuary, layout_basic, minmay_split_cup_small
D:2:      layout_basic
D:3:      layout_loops_cross, kennysheep_slug_shrine, first_ration,
          minivault_24, elyvilon_altar_1
D:4:      minmay_thinvault, layout_basic, lemuel_doored_altar,
          minmay_temple_entry_trees, minmay_cupped
D:5:      layout_layer_cave, cheibrodos_ashenzari_chains, serial_shops,
          shop_statue, shop, shop
D:6:      layout_layer_cave, minmay_three_doors
D:7:      layout_basic, marbit_many_paths, lemuel_mausoleum_altar_yredelemnul,
          chequers_temple_overflow_statue_of_worship, serial_corexii_hall,
          chequers_hall_statues_corner_a, corexii_hall_statues_x,
          chequers_hall_statues_y
Temple:   regret_index_temple_generic_petals

Skill      XL: |  1  2  3  4  5  6  7  8 |
---------------+-------------------------+-----
Armour         | 1 2 3 |  3.0
Unarmed Combat | 4 5 6 8 |  8.0
Fighting       | 3 4 5 6 |  6.0
Invocations    | 1 2 4 |  4.1
Throwing       | |  1.7
Dodging        | |  2.4

Action                   |  1- 3 |  4- 6 |  7- 9 || total
-------------------------+-------+-------+-------++-------
Melee: Unarmed           |   184 |   250 |   232 ||   666
       Punch             |       |     6 |     4 ||    10
Invok: Heroism           |       |       |     3 ||     3
  Use: Scroll            |       |       |    19 ||    19
  Eat: Chunk             |     3 |     7 |    10 ||    20
Armor: Leather armour    |     2 |       |       ||     2
       Chain mail        |   151 |    26 |       ||   177
       Plate armour      |       |   136 |   145 ||   281
Dodge: Dodged            |    84 |    67 |    45 ||   196

Table legend:
 A = Non-vault XP
 B = Vault XP
 C = Vault XP percentage of total XP
 D = Non-vault monster count
 E = Vault monster count
 F = Vault count percentage of total count
                 A         B        C        D         E       F
            +---------+---------+-------+---------+---------+-------
      Total |    1698 |     241 |  12.4 |     110 |      15 |  12.0
            +---------+---------+-------+---------+---------+-------
        D:1 |      26 |       7 |  21.2 |      16 |       3 |  15.8
        D:2 |      42 |       0 |   0.0 |      21 |       0 |   0.0
        D:3 |      47 |       4 |   7.8 |      17 |       1 |   5.6
        D:4 |     429 |     123 |  22.3 |      23 |       8 |  25.8
        D:5 |     402 |       0 |   0.0 |      20 |       0 |   0.0
        D:6 |     752 |     107 |  12.5 |      13 |       3 |  18.8
            +---------+---------+-------+---------+---------+-------
